 Dungeon Crawl Stone Soup version 0.26-a0-52-gd53d4cd058 (console) character file.

Game seed: 455308380817030832

4718 Morrissey the Chucker (level 10, -3/102 HPs)
             Began as a Troll Monk on June 6, 2020.
             Was an Elder of Makhleb.
             Slain by a troll (13 damage)
             ... on level 8 of the Dungeon.
             The game lasted 00:19:44 (6584 turns).

Morrissey the Chucker (Troll Monk)                  Turns: 6584, Time: 00:19:46

Health: -3/102     AC:  6    Str: 21    XL:     10   Next: 22%
Magic:  0/9        EV: 15    Int:  6    God:    Makhleb [****..]
Gold:   301        SH:  0    Dex: 21    Spells: 9/9 levels left

rFire    . . .     SeeInvis .     - Unarmed
rCold    . . .     Gourm    +   (no shield)
rNeg     . . .     Faith    .   a - +0 robe
rPois    .         Spirit   +   (helmet restricted)
rElec    .         Reflect  .   (no cloak)
rCorr    .         Harm     .   (gloves unavailable)
MR       .....                  (boots unavailable)
Stlth    ++........             q - amulet of guardian spirit
HPRegen  0.67/turn              g - +4 ring of slaying
MPRegen  0.11/turn              r - +6 ring of dexterity

@: no status effects
A: large, unfitting armour, claws 3, fast metabolism 3, gourmand, regeneration
1, shaggy fur 1, tough skin 3
a: Minor Destruction, Lesser Servant of Makhleb, Major Destruction, Renounce
Religion


You were on level 8 of the Dungeon.
You worshipped Makhleb.
Makhleb was greatly pleased with you.
You were completely stuffed.

You visited 1 branch of the dungeon, and saw 8 of its levels.
You also visited: Sewer.

You collected 528 gold pieces.
You spent 227 gold pieces at shops.

Inventory:

Missiles
 c - 313 stones
 m - 58 poisoned darts (quivered)
 F - 6 javelins
Armour
 a - a +0 robe (worn)
Jewellery
 f - an uncursed ring of protection from magic
 g - a +4 ring of slaying (left claw)
 l - an uncursed ring of stealth
 q - an amulet of guardian spirit (around neck)
 r - a +6 ring of dexterity (right claw)
 t - an uncursed amulet of magic regeneration
 B - a +4 ring of evasion
 D - a +4 ring of protection
Wands
 x - a wand of random effects (27)
 y - a wand of acid (21)
 K - a wand of polymorph (11)
Scrolls
 d - 3 scrolls of remove curse
 n - 5 scrolls of teleportation
 o - a scroll of fog {unknown}
 p - 2 scrolls of enchant armour {unknown}
 s - 2 scrolls of magic mapping {unknown}
 w - 3 scrolls of immolation {unknown}
 C - a scroll of fear {unknown}
 E - a scroll of noise {unknown}
 I - 2 scrolls of blinking
 L - a scroll of vulnerability {unknown}
Potions
 e - 3 potions of resistance
 h - a potion of berserk rage {unknown}
 i - 3 potions of lignification
 j - 3 potions of haste
 k - 10 potions of curing
 u - 3 potions of flight {unknown}
 v - 2 potions of might {unknown}
 z - a potion of stabbing {unknown}
 A - 4 potions of heal wounds
 H - a potion of invisibility {unknown}
 J - a potion of degeneration {unknown}
Comestibles
 b - 18 rations
 G - 4 chunks of flesh


   Skills:
 * Level 7.2 Fighting
 * Level 7.2 Throwing
 * Level 7.1 Dodging
 - Level 1.5 Stealth
 + Level 6.4 Unarmed Combat


You had 9 spell levels left.
You didn't know any spells.
Your spell library was empty.

Dungeon Overview and Level Annotations

Branches:
Dungeon (8/15)             Temple (0/1) D:5            Lair (0/6) D:8
  Sewer (visited)

Altars:
Elyvilon
Gozag
Hepliaklqana
Okawaru
Qazlal
Ru
Sif Muna
Yredelemnul
The Shining One

Shops:
D:7 *


Innate Abilities, Weirdness & Mutations

You are too large for most types of armour.
You have claws for hands.
Your metabolism is lightning-fast.
You like to eat raw meat.
Your natural rate of healing is unusually fast.
You are covered in fur. (AC +1)
You have extremely tough skin. (AC +3)


Message History

The troll looks even sicker.
The troll is lightly wounded.
You barely miss the troll.
The troll is lightly wounded.
The troll bites you!
* * * LOW MAGIC WARNING * * *;
* * * LOW HITPOINT WARNING * * *
The troll completely misses you. The troll claws you!
* * * LOW HITPOINT WARNING * * *
You scratch the troll.
The troll is moderately wounded.
The troll bites you!
* * * LOW MAGIC WARNING * * *;
* * * LOW HITPOINT WARNING * * *
The troll closely misses you. The troll claws you!
* * * LOW MAGIC WARNING * * *;
* * * LOW HITPOINT WARNING * * *
You completely miss the troll.
The troll is moderately wounded.
The troll bites you but does no damage. The troll barely misses you.
The troll claws you!
* * * LOW MAGIC WARNING * * *
You die...

...#....> .?.#.#..
#.##.#.# #.##.#.##
#....... ### #.##.#.#
#..
#....#######.##.#.##.#..
.(.....@>..(.†..........
#.####T#####.#####.#.#.#
#( ### ### # #( .. .. ##
..# .# .. .#


You could see a troll (very poisoned).

Vanquished Creatures
  Maurice (D:8)
  Grinder (Sewer)
  A hippogriff (D:8)
  A hungry ghost (D:7)
  Edmund (D:4)
  A sky beast (D:6)
  2 ice beasts
  A black bear (D:6)
  3 phantoms
  3 centaurs
  2 ogres
  A bullfrog (D:7)
  3 big kobolds
  3 scorpions
  15 killer bees
  4 wights (D:5)
  A howler monkey (D:6)
  A crimson imp (D:7)
  5 jellies
  A quasit (Sewer)
  A bullfrog zombie (D:5)
  4 hounds
  6 orc priests
  5 orc wizards
  2 centaur skeletons
  3 iguanas
  4 worker ants
  5 big kobold zombies (Sewer)
  A hound zombie (D:5)
  2 hound skeletons
  A howler monkey zombie (D:7)
  A worker ant zombie (D:5)
  A howler monkey skeleton (D:4)
  15 adders
  3 river rats (D:4)
  5 shadow imps
  2 ufetubi (Sewer)
  2 oozes
  2 adder skeletons (D:7)
  An adder zombie (D:5)
  4 worms
  2 dart slugs
  6 leopard geckos
  29 orcs
  4 ball pythons
  6 giant cockroaches
  7 goblins
  4 hobgoblins
  7 jackals
  22 kobolds
  7 quokkas
  11 bats
  5 frilled lizards
  2 giant cockroach zombies (Sewer)
  2 gnoll zombies (D:4)
  A kobold zombie (Sewer)
  A leopard gecko skeleton (D:5)
  9 rats
246 creatures vanquished.

Notes
Turn   | Place    | Note
-------+----------+-------------------------------------------
     0 | D:1      | Morrissey the Troll Monk began the quest for the Orb.
     0 | D:1      | Reached XP level 1. HP: 22/22 MP: 0/0
   109 | D:1      | Reached XP level 2. HP: 28/29 MP: 1/1
   694 | D:2      | Reached XP level 3. HP: 28/36 MP: 2/2
   861 | D:2      | Reached skill level 1 in Throwing
   959 | D:2      | Reached XP level 4. HP: 45/45 MP: 3/3
  1322 | D:3      | Reached XP level 5. HP: 6/53 MP: 4/4
  2277 | D:3      | Found a hazy altar of Hepliaklqana.
  2278 | D:3      | Found a white marble altar of Elyvilon.
  2511 | D:4      | Found a glowing drain.
  2517 | D:4      | Reached XP level 6. HP: 57/61 MP: 3/5
  2520 | Sewer    | Entered a sewer
  2735 | Sewer    | Found a burning altar of Makhleb.
  2775 | Sewer    | Reached XP level 7. HP: 70/70 MP: 6/6
  2792 | Sewer    | Got a bronze leather armour
  2852 | Sewer    | Noticed Grinder
  2871 | Sewer    | Paralysed by Grinder for 6 turns
  2881 | Sewer    | Killed Grinder
  2902 | Sewer    | Became a worshipper of Makhleb the Destroyer
  2902 | Sewer    | Reached * piety under Makhleb
  2902 | Sewer    | Reached ** piety under Makhleb
  3194 | D:4      | Found a basalt altar of Yredelemnul.
  3238 | D:4      | Noticed Edmund
  3249 | D:4      | Killed Edmund
  3249 | D:4      | Reached XP level 8. HP: 79/79 MP: 7/7
  3375 | D:5      | Entered Level 5 of the Dungeon
  3454 | D:5      | Reached skill level 5 in Fighting
  3454 | D:5      | Reached skill level 5 in Dodging
  3472 | D:5      | Found a staircase to the Ecumenical Temple.
  3613 | D:5      | Reached skill level 5 in Throwing
  3613 | D:5      | Reached skill level 5 in Unarmed Combat
  4026 | D:6      | Reached XP level 9. HP: 58/89 MP: 4/8
  4234 | D:6      | Reached *** piety under Makhleb
  4313 | D:6      | Found a stormy altar of Qazlal.
  4986 | D:7      | Found an iron altar of Okawaru.
  5071 | D:7      | Found a sacrificial altar of Ru.
  5127 | D:7      | Found an opulent altar of Gozag.
  5298 | D:7      | Reached **** piety under Makhleb
  5439 | D:7      | Found Wemofek's General Store.
  5446 | D:7      | Bought a potion of haste for 130 gold pieces
  5446 | D:7      | Bought a scroll of blinking for 97 gold pieces
  5678 | D:7      | Found a shimmering blue altar of Sif Muna.
  6198 | D:8      | Noticed Maurice
  6206 | D:8      | Killed Maurice
  6206 | D:8      | Reached XP level 10. HP: 102/102 MP: 9/9
  6369 | D:8      | Found a glowing golden altar of the Shining One.
  6474 | D:8      | Noticed a two-headed ogre
  6556 | D:8      | Found a staircase to the Lair.
  6584 | D:8      | Slain by a troll

Illustrated notes

Levels and vault maps discovered:
D:1:      evilmike_arrival_plus, layout_basic, serial_park_tiny_pond
D:2:      layout_loops_cross
D:3:      layout_basic, overflow_temple_1_default, overflow_temple_1_default,
          first_ration
D:4:      layout_basic, lemuel_zombie_altar_yredelemnul, portal_sewer_entry_e,
          uniq_edmund
D:5:      layout_basic, temple_fountains
D:6:      minmay_recursive_quarters, layout_cave_pods, lemuel_crystal_altar
D:7:      layout_loops_ring, marbit_many_paths, grunt_gozag_statues,
          kennysheep_little_box, nicolae_ru_great_annihilating_truth,
          serial_shops, shop
D:8:      hangedman_cross_veins, layout_loops_ring,
          nicolae_overflow_hidden_temple, tso_metal_star, david_nohive_1,
          uniq_maurice

Skill      XL: |  1  2  3  4  5  6  7  8  9 10 |
---------------+-------------------------------+-----
Throwing       | 1 2 3 4 5 6 7 |  7.2
Fighting       | 3 4 5 7 |  7.2
Dodging        | 3 4 5 6 7 |  7.1
Unarmed Combat | 4 5 6 |  6.4
Stealth        | |  1.5

Action                   |  1- 3 |  4- 6 |  7- 9 | 10-12 || total
-------------------------+-------+-------+-------+-------++-------
Melee: Unarmed           |    72 |   221 |   333 |    38 ||   664
       Punch             |       |     2 |    11 |     2 ||    15
Throw: Stone             |    51 |       |       |       ||    51
       Dart              |       |    13 |     9 |    14 ||    36
       Javelin           |       |       |     5 |       ||     5
  Use: Scroll            |       |       |     9 |     1 ||    10
 Stab: Sleeping          |     2 |     7 |    11 |       ||    20
       Paralysed         |       |       |     1 |       ||     1
  Eat: Chunk             |    14 |    17 |    40 |     3 ||    74
Armor: Robe              |    39 |    51 |    83 |    10 ||   183
Dodge: Dodged            |    53 |   108 |   227 |    30 ||   418

Table legend:
 A = Non-vault XP
 B = Vault XP
 C = Vault XP percentage of total XP
 D = Non-vault monster count
 E = Vault monster count
 F = Vault count percentage of total count
                 A         B        C        D         E       F
            +---------+---------+-------+---------+---------+-------
      Total |    4016 |    2724 |  40.4 |     171 |      75 |  30.5
            +---------+---------+-------+---------+---------+-------
        D:1 |      28 |       0 |   0.0 |      17 |       0 |   0.0
        D:2 |     103 |       0 |   0.0 |      20 |       0 |   0.0
        D:3 |     207 |       0 |   0.0 |      37 |       0 |   0.0
        D:4 |     296 |     216 |  42.2 |      15 |      11 |  42.3
        D:5 |    1057 |       0 |   0.0 |      24 |       0 |   0.0
        D:6 |     857 |     102 |  10.6 |      18 |       5 |  21.7
        D:7 |    1245 |     272 |  17.9 |      38 |       8 |  17.4
        D:8 |     223 |    1405 |  86.3 |       2 |      16 |  88.9
      Sewer |       0 |     729 | 100.0 |       0 |      35 | 100.0
            +---------+---------+-------+---------+---------+-------
